 Dungeon Crawl Stone Soup version 0.29.0-4-gdea44cf6ec (webtiles) character file.

Game seed: 15121412523824949610

84 qw the Chopper (level 4, -5/26 HPs)
             Began as a Tengu Warper on Aug 28, 2022.
             Slain by a hobgoblin
             ... wielding a +0 scythe
              (13 damage)
             ... on level 4 of the Dungeon.
             The game lasted 00:00:16 (2749 turns).

qw the Chopper (Tengu Warper)                       Turns: 2749, Time: 00:00:16

Health: -5/26      AC:  7    Str: 20    XL:     4   Next: 45%
Magic:  8/8        EV: 10    Int: 13    God:
Gold:   167        SH:  0    Dex: 13    Spells: 7/7 levels left

rFire   + . .      SeeInvis .   Y - +0 hand axe
rCold   . . .      Faith    .   (no shield)
rNeg    . . .      Spirit   .   h - +0 scale mail
rPois   .          Reflect  .   (helmet restricted)
rElec   .          Harm     .   (no cloak)
rCorr   .          Rampage  .   k - +0 pair of gloves
Will    .....                   (boots unavailable)
Stlth   ..........              c - amulet of the acrobat
HPRegen 0.08/turn               q - ring "Sukuxa" {rF+ Str+6}
MPRegen 0.11/turn               (no ring)

@: no status effects
A: beak, talons 3
a: no special abilities


You were on level 4 of the Dungeon.
You visited 1 branch of the dungeon, and saw 4 of its levels.

You collected 167 gold pieces.


Innate Abilities, Weirdness & Mutations

You have a beak for a mouth.
You have claws for feet.


   Skills:
 - Level 2.0 Fighting
 + Level 5.0 Axes
 - Level 1.0 Throwing
 - Level 1.1 Armour
 - Level 2.1 Dodging
 - Level 2.0 Spellcasting
 - Level 2.4 Translocations


You had 7 spell levels left.
You didn't know any spells.
Your spell library contained the following spells:

 Spells                   Type           Power      Damage    Failure   Level
 Blink                    Tloc           14%        N/A       41%         2
 Gell's Gravitas          Tloc           7%         N/A       65%         3
 Lesser Beckoning         Tloc           7%         N/A       65%         3
 Teleport Other           Tloc           7%         N/A       65%         3
 Manifold Assault         Tloc           7%         N/A       100%        5

Inventory:

Hand Weapons
 d - a +0 flail
 Y - a +0 hand axe (weapon)
Missiles
 i - a javelin (quivered)
Armour
 h - a +0 scale mail (worn)
 k - a +0 pair of gloves (worn)
Jewellery
 c - an amulet of the acrobat (around neck)
 f - a ring of protection from cold
 q - the ring "Sukuxa" (left hand) {rF+ Str+6}
   (You found it on level 3 of the Dungeon)

   [ring of strength]

   Str:       It affects your strength (+6).
   rF:        It protects you from fire.
Scrolls
 a - a scroll of identify
 p - a scroll of teleportation
Potions
 b - a potion of magic {unknown}
 e - a potion of resistance
 g - a potion of mutation {unknown}
 l - a potion of heal wounds {unknown}
 o - a potion of flight {unknown}

Dungeon Overview and Level Annotations

Branches:
Dungeon (4/15)             Temple (0/1) D:4

Altars:


Message History

You kill the hobgoblin!
Found a spear.
Found a robe.
Enter note: An oklob sapling comes into view.
Found a staircase to the Ecumenical Temple.
2706 ||| PLANNING TEMPLE
2706 ||| UPGRADING to +0 scale mail.
You start removing your armour.
You continue taking off your +0 ring mail. x4
You finish taking off your +0 ring mail.
You start putting on your armour.
You continue putting on your +0 scale mail. x5
You finish putting on your +0 scale mail.
2716 ||| DROPPING +0 ring mail.
You drop a +0 ring mail.
(D) Dungeon (T) Temple
Where to? (* - list waypoints, Enter - D:4, ? - help) Sorry, I don't know how to get there.
f - a ring of protection from cold
i - a javelin
There is a stone staircase leading up here.
You open the door.
An orc and 4 hobgoblins come into view.
The orc shouts!
The hobgoblin shouts! x2
The hobgoblin barely misses you. The hobgoblin closely misses you.
The hobgoblin barely misses you. The hobgoblin completely misses you.
The hobgoblin closely misses you. The hobgoblin misses you.
The hobgoblin completely misses you. The orc misses you.
There is an open door here.
You hit the hobgoblin. You peck the hobgoblin.
You kill the hobgoblin!
You hit the hobgoblin. You hit the hobgoblin but do no damage.
The hobgoblin hits you from afar with a +0 scythe.
The orc hits you but does no damage.
The hobgoblin hits you with a +0 scythe!
Ouch! That really hurt!
The hobgoblin hits you with a +0 scythe!
Ouch! That really hurt!
You die...

.............#
.............###
.......[.......##
.........###....##
.................##
#...........#.....##
PP....##....#####..#
P.P).........#o)#..#
PPPP......#[.#gg@..#
>PPP......#..#.g#.##
....... ####.# ...
.... ...##. ..## ..
... ~~


You could see an orc and 3 hobgoblins.

Vanquished Creatures
  An adder (D:3)
  An ufetubus (D:4)
  A dart slug (D:1)
  10 ball pythons
  7 endoplasms
  4 giant cockroaches
  5 goblins
  9 hobgoblins
  4 jackals (D:1)
  5 kobolds
  2 quokkas (D:1)
  5 bats
  4 frilled lizards
  2 rats (D:2)
60 creatures vanquished.

Notes
Turn   | Place    | Note
-------+----------+-------------------------------------------
     0 | D:1      | qw the Tengu Warper began the quest for the Orb.
     0 | D:1      | Reached XP level 1. HP: 12/12 MP: 4/4
     0 | D:1      | 0 ||| qw: Version: 0.1-a-89-g26bdef1
     0 | D:1      | 0 ||| qw: Game counter: 1215
     0 | D:1      | 0 ||| qw: Always use a shield: true
     0 | D:1      | 0 ||| qw: God list: Okawaru
     0 | D:1      | 0 ||| qw: Allow faded altars: false
     0 | D:1      | 0 ||| qw: Do Orc after D:15 true
     0 | D:1      | 0 ||| qw: Do second Lair branch before Depths: true
     0 | D:1      | 0 ||| qw: Lair rune preference: random
     0 | D:1      | 0 ||| qw: Plans: Normal
     0 | D:1      | 0 ||| PLANNING D:1-11
    34 | D:1      | Found a faded altar of an unknown god.
    49 | D:1      | 49 ||| DROPPING +0 club.
   109 | D:1      | Reached skill level 3 in Axes
   109 | D:1      | Reached XP level 2. HP: 17/17 MP: 6/6
   470 | D:1      | 470 ||| Stepping ~*~*~tactically~*~*~ (hiding).
   471 | D:1      | 471 ||| Stepping ~*~*~tactically~*~*~ (hiding).
   480 | D:1      | Reached XP level 3. HP: 20/21 MP: 7/7
   580 | D:1      | 580 ||| Stepping ~*~*~tactically~*~*~ (stealth).
   604 | D:1      | 604 ||| Stepping ~*~*~tactically~*~*~ (stealth).
   608 | D:1      | 608 ||| Stepping ~*~*~tactically~*~*~ (stealth).
   627 | D:1      | 627 ||| Stepping ~*~*~tactically~*~*~ (stealth).
   628 | D:1      | 628 ||| Stepping ~*~*~tactically~*~*~ (stealth).
   868 | D:1      | 868 ||| UPGRADING to +0 ring mail.
   878 | D:1      | 878 ||| DROPPING +0 leather armour.
   879 | D:1      | 879 ||| UPGRADING to +0 pair of gloves.
   884 | D:1      | 884 ||| READING scroll labelled NAAKHY PUOZI.
   885 | D:1      | 885 ||| READING scroll labelled NES TEEMEIS.
   886 | D:1      | 886 ||| READING scroll labelled AREIROP TOAMO.
   887 | D:1      | 887 ||| READING scroll labelled BUS QYANGOWAM.
   888 | D:1      | 888 ||| DROPPING scroll of blinking.
   928 | D:2      | Reached skill level 4 in Axes
   935 | D:2      | 935 ||| Stepping ~*~*~tactically~*~*~ (stealth).
   939 | D:2      | 939 ||| FLEEEEING.
   941 | D:2      | 941 ||| FLEEEEING.
   942 | D:2      | 942 ||| FLEEEEING.
   950 | D:2      | 950 ||| STAIRDANCE
  1004 | D:2      | 1004 ||| Stepping ~*~*~tactically~*~*~ (stealth).
  1821 | D:2      | 1821 ||| READING scroll labelled HERHAR UXUEL.
  1824 | D:2      | 1824 ||| DRINKING 2 golden potions.
  1852 | D:3      | Reached XP level 4. HP: 24/26 MP: 8/8
  1898 | D:3      | 1898 ||| Stepping ~*~*~tactically~*~*~ (stealth).
  1951 | D:3      | 1951 ||| DROPPING +0 whip.
  2089 | D:3      | Identified the ring "Sukuxa" {rF+ Str+6}
  2266 | D:3      | 2266 ||| UPGRADING to amulet of the acrobat.
  2271 | D:3      | 2271 ||| UPGRADING to ring "Sukuxa" {rF+ Str+6}.
  2272 | D:3      | 2272 ||| READING scroll labelled USAJU FEAD.
  2273 | D:3      | 2273 ||| READING scroll labelled FISEZAWIOB.
  2274 | D:3      | 2274 ||| READING scroll labelled OTTIHUY RUDEN.
  2375 | D:3      | 2375 ||| READING scroll labelled XUCYUPL VONOU.
  2485 | D:4      | Reached skill level 5 in Axes
  2705 | D:4      | Found a staircase to the Ecumenical Temple.
  2706 | D:4      | 2706 ||| PLANNING TEMPLE
  2706 | D:4      | 2706 ||| UPGRADING to +0 scale mail.
  2716 | D:4      | 2716 ||| DROPPING +0 ring mail.
  2749 | D:4      | Slain by a hobgoblin

Levels and vault maps discovered:
D:1:      shiori_shiawase, layout_loops_ring,
          ebering_ecumenical_altar_sacrificial
D:2:      layout_loops_cross, minmay_pentomino_t2
D:3:      layout_rooms, minmay_misc_feat_plants
D:4:      layout_cave_pools, mainiacjoe_overflow_surrounded_room,
          minmay_temple_entry_oklob, dk_vineyard_3, sigmund_army

Skill      XL: |  1  2  3  4 |
---------------+-------------+-----
Axes           | 3 4 5 |  5.0
Fighting       | |  2.0
Throwing       | |  1.0
Armour         | |  1.1
Dodging        | |  2.1
Spellcasting   | |  2.0
Translocations | |  2.4

Action                   |  1- 3 |  4- 6 || total
-------------------------+-------+-------++-------
Melee: Hand axe          |    91 |    24 ||   115
       Kick              |    21 |     2 ||    23
       Peck              |    13 |     5 ||    18
       Punch             |     1 |       ||     1
Throw: Boomerang         |     7 |       ||     7
       Javelin           |    29 |    13 ||    42
  Use: Scroll            |     5 |     4 ||     9
       Potion            |     1 |       ||     1
Armor: Leather armour    |    11 |       ||    11
       Ring mail         |    15 |    12 ||    27
       Scale mail        |       |     1 ||     1
Dodge: Dodged            |    44 |    19 ||    63

Table legend:
 A = Non-vault XP
 B = Vault XP
 C = Vault XP percentage of total XP
 D = Non-vault monster count
 E = Vault monster count
 F = Vault count percentage of total count
                 A         B        C        D         E       F
            +---------+---------+-------+---------+---------+-------
      Total |     119 |       3 |   2.5 |      58 |       2 |   3.3
            +---------+---------+-------+---------+---------+-------
        D:1 |      40 |       0 |   0.0 |      21 |       0 |   0.0
        D:2 |      36 |       1 |   2.7 |      21 |       1 |   4.5
        D:3 |      26 |       0 |   0.0 |      10 |       0 |   0.0
        D:4 |      17 |       2 |  10.5 |       6 |       1 |  14.3
            +---------+---------+-------+---------+---------+-------
